 Dungeon Crawl Stone Soup version 0.27-a0-1217-g8a41f320e8 (webtiles) character file.

Game seed: 13060309921499099926

80 EldarEldrad the Magician (level 4, -3/24 HPs)
             Began as a Deep Elf Fire Elementalist on June 6, 2021.
             Slain by Sigmund
             ... wielding a +0 scythe
              (5 damage)
             ... on level 2 of the Dungeon.
             The game lasted 00:09:22 (1982 turns).

EldarEldrad the Magician (DEFE)                     Turns: 1982, Time: 00:09:22

Health: -3/24      AC:  2    Str:  5    XL:     4   Next: 18%
Magic:  9/12       EV: 12    Int: 21    God:
Gold:   61         SH:  0    Dex: 15    Spells: 3/11 levels left

rFire    . . .     SeeInvis .   j - +1 dagger (drain)
rCold    . . .     Faith    .   (no shield)
rNeg     . . .     Spirit   .   a - +0 robe
rPois    .         Reflect  .   (no helmet)
rElec    .         Harm     .   (no cloak)
rCorr    .         Rampage  .   (no gloves)
Will     .....                  (no boots)
Stlth    ++........             (no amulet)
HPRegen  0.08/turn              e - ring of flight
MPRegen  0.13/turn              (no ring)

@: flying
A: no striking features
a: no special abilities


You were on level 2 of the Dungeon.
You visited 1 branch of the dungeon, and saw 3 of its levels.

You collected 61 gold pieces.

Inventory:

Hand Weapons
 j - a +1 dagger of draining (weapon)
Missiles
 h - 12 poisoned darts
Armour
 a - a +0 robe (worn)
Jewellery
 e - a ring of flight (left hand)
 i - a ring of poison resistance
Scrolls
 c - a scroll of teleportation {unknown}
 g - 2 scrolls of identify {unknown}
Potions
 b - a potion of heal wounds {unknown}
 d - a potion of magic {unknown}
 f - a potion of curing {unknown}
 k - 2 potions of degeneration {unknown}


   Skills:
 - Level 2.4 Dodging
 - Level 2.4 Stealth
 + Level 4.0 Spellcasting
 * Level 3.2 Conjurations
 + Level 3.9 Fire Magic


You had 3 spell levels left.
You knew the following spells:

 Your Spells              Type           Power      Damage    Failure   Level
a - Foxfire               Conj/Fire      76%        2x1d7     2%          1
b - Conjure Flame         Conj/Fire      19%        6-21      9%          3
c - Blink                 Tloc           N/A        N/A       19%         2
d - Slow                  Hex            4%         N/A       19%         2

Your spell library contained the following spells:

 Spells                   Type           Power      Damage    Failure   Level
 Magic Dart               Conj           68%        1d6       3%          1
 Inner Flame              Hex/Fire       12%        N/A       16%         3
 Call Imp                 Summ           4%         N/A       19%         2
 Mephitic Cloud           Conj/Pois/Air  8%         N/A       22%         3
 Sticky Flame             Conj/Fire      19%        2d4       26%         4
 Fireball                 Conj/Fire      9%         3d6       58%         5


Dungeon Overview and Level Annotations

Branches:
Dungeon (3/15)

Altars:

Shops:
D:1 [

Annotations:
D:1 gold after fire
D:2 Sigmund, Terence, Sigmund, Terence


Message History

The adder is heavily wounded.
The foxfire hits the adder.
The adder is almost dead.
The foxfire hits the adder.
You kill the adder!
You conjure some foxfire!
The foxfire hits the orc warrior but does no damage.
The foxfire hits the orc warrior.
The orc warrior is lightly wounded.
The foxfire hits the orc warrior but does no damage.
The orc warrior is lightly wounded.
The orc wizard mumbles some strange words.
The orc wizard flickers and vanishes!
Deactivating autopickup; reactivate with Ctrl-A.
The foxfire hits the orc warrior.
The orc warrior is lightly wounded.
An orc comes into view. It is wielding a +0 dagger.
Something tries to affect you, but you resist.
A magic dart appears from out of thin air!
The magic dart hits you.
Something tries to affect you, but you resist.
There is a stone staircase leading up here.
You fly upwards.
Level annotation: Sigmund, Terence, Sigmund, Terence Reactivating autopickup.
There is a stone staircase leading down here.
You conjure some foxfire!
Sigmund hits you from afar with a +0 scythe!
The foxfire hits Sigmund.
Sigmund is lightly wounded.
Sigmund hits you from afar with a +0 scythe!
* * * LOW HITPOINT WARNING * * *
You are too injured to fight recklessly!
Casting: Foxfire (safe; 2% risk of failure)
Confirm with . or Enter, or press ? or * to list all spells.
Okay, then.
The foxfire hits Sigmund.
Sigmund is lightly wounded.
Sigmund hits you from afar with a +0 scythe.
You die...

#.....#..# ##
##(.......# #
#.........##......
#......###########
#.##.### # #.##.#
# #§##.# # ##§##.#
# #.@.#.#
#...@.......#
...#.#...###.# #
#.##### #


You could see Sigmund.

Vanquished Creatures
  2 adders
  A worm (D:2)
  4 orcs (D:3)
  4 ball pythons
  7 bats
  4 endoplasms
  3 giant cockroaches
  6 goblins
  3 hobgoblins
  3 jackals (D:1)
  6 kobolds
  A frilled lizard (D:2)
  5 rats
49 creatures vanquished.

Vanquished Creatures (others)
  123 foxfires
  2 plants (D:3)
125 creatures vanquished.

Grand Total: 174 creatures vanquished

Notes
Turn   | Place    | Note
-------+----------+-------------------------------------------
     0 | D:1      | EldarEldrad the Deep Elf Fire Elementalist began the quest
                  | for the Orb.
     0 | D:1      | Reached XP level 1. HP: 10/10 MP: 6/6
   123 | D:1      | Found Yprowebe's Antique Armour Shop.
   361 | D:1      | Reached XP level 2. HP: 15/15 MP: 2/8
  1096 | D:2      | Reached XP level 3. HP: 19/19 MP: 8/10
  1293 | D:2      | Noticed Terence
  1618 | D:2      | Noticed Sigmund
  1875 | D:3      | Learned a level 3 spell: Conjure Flame
  1878 | D:3      | Learned a level 2 spell: Blink
  1881 | D:3      | Learned a level 2 spell: Slow
  1922 | D:3      | Reached skill level 4 in Spellcasting
  1922 | D:3      | Reached XP level 4. HP: 24/24 MP: 8/12
  1925 | D:3      | Noticed an orc warrior
  1982 | D:2      | Slain by Sigmund

Illustrated notes

Levels and vault maps discovered:
D:1:      psy_arrival_spokes, layout_basic, serial_shops,
          nicolae_shop_behind_doors, corner_web_ring, lemuel_flame_loot_1
D:2:      layout_loops_ring, uniq_terence, uniq_sigmund
D:3:      layout_basic, lemuel_crystal_altar, serial_bayou,
          serial_bayou_shore_a, serial_bayou_pond_a, serial_bayou_pond_b,
          serial_bayou_pond_e, chequers_ecumenical_altar_simple_redux,
          minmay_goblin_kobold_house

Skill      XL: |  1  2  3 |
---------------+----------+-----
Conjurations   | 2 3 |  3.2
Spellcasting   | 4 |  4.0
Dodging        | |  2.4
Stealth        | |  2.4
Fire Magic     | |  3.9

Action                   |  1- 3 |  4- 6 || total
-------------------------+-------+-------++-------
Melee: Dagger            |     2 |       ||     2
 Cast: Foxfire           |    69 |     7 ||    76
Armor: Robe              |     2 |       ||     2
Dodge: Dodged            |     3 |       ||     3

Table legend: (Time is in decaauts)
 A = Elapsed time spent in this place.
 B = Non-inter-level travel time spent in this place.
 C = Inter-level travel time spent in this place.
 D = Time resting spent in this place.
 E = Time spent auto-exploring this place.
 F = Levels seen in this place.
 G = Mean time per level.
                   A        B        C        D        E       F      G
               +--------+--------+--------+--------+--------+-----+--------+
         Total |   1980 |   1914 |     66 |    447 |   1070 |   3 |  660.0 |
       Dungeon |   1980 |   1914 |     66 |    447 |   1070 |   3 |  660.0 |
               +--------+--------+--------+--------+--------+-----+--------+

Top non-repeatable levels by time:
     D:1: 1072 daAuts
     D:2: 551 daAuts
     D:3: 357 daAuts
